[Event "Live Chess"]
[Site "Chess.com"]
[Date "2023.05.20"]
[Round "-"]
[White "hturner40"]
[Black "M00nDr4g0n"]
[Result "1-0"]
[WhiteElo "1839"]
[BlackElo "872"]
[TimeControl "300"]
[EndTime "10:10:26 PDT"]
[Termination "hturner40 won by checkmate"]

1. Nc3 d6 2. e4 Nf6 3. d4 c6 4. Bg5 Qa5 5. Qd2 Nxe4 6. Nxe4 Qxd2+ 7. Bxd2 g6 8. O-O-O Bg7 9. Bc3 O-O 10. Nf3 d5 11. Ng3 Be6 12. Ng5 Nd7 13. Nxe6 fxe6 14. f3 e5 15. dxe5 Nxe5 16. Re1 Rad8 17. Bxe5 d4 18.
Bxg7 Kxg7 19. Rxe7+ Kg8 20. Bc4+ Kh8 21. Ne4 Rf4 22. Ng5 h6 23. Rh7# 1-0

[Event "Live Chess"]
[Site "Chess.com"]
[Date "2023.05.20"]
[Round "-"]
[White "mach247"]
[Black "Ian-Morley"]
[Result "1-0"]
[WhiteElo "1356"]
[BlackElo "1036"]
[TimeControl "300"]
[EndTime "10:10:26 PDT"]
[Termination "mach247 won by resignation"]

1. e4 e5 2. Nf3 Nc6 3. Bc4 Nf6 4. d3 Na5 5. Nxe5 Nxc4 6. Nxc4 b5 7. Ne3 Be7 8. Nf5 O-O 9. Nxe7+ Qxe7 10. Bg5 h6 11.
Bxf6 Qxf6 12. Nd2 Re8 13. Qf3 Qxf3 14. Nxf3 d5 15. e5 f6 16. d4 fxe5 17. dxe5 Bg4 18. O-O-O Bxf3 19. gxf3 Rxe5 20. Rhg1 Rf5 21. Rg3 Raf8 22.
Rdg1 g5 23. h4 Rxf3 24. Rxf3 Rxf3 25. hxg5 hxg5 26. Rxg5+ Kf7 27. Rxd5 Rxf2 28. Rd7+ Ke6 29. Rxc7 a5 30. Rb7 b4 31. Rb5 Rf1+ 32. Kd2 Rf2+ 33. Kd3 Rf3+ 34. Kc4 Rf4+ 35. Kc5 Rf5+ 36. Kb6 Rxb5+ 37.
Kxb5 Kd5 38. Kxa5 Kc4 39. c3 bxc3 40. bxc3 Kxc3 41. a4 Kc4 42. Kb6 Kb4 43. a5 Ka4 44.
a6 Kb4 45. a7 1-0

[Event "Live Chess"]
[Site "Chess.com"]
[Date "2023.05.20"]
[Round "-"]
[White "risinghelios"]
[Black "CheckThis4"]
[Result "0-1"]
[WhiteElo "1954"]
[BlackElo "2543"]
[TimeControl "300"]
[EndTime "10:10:32 PDT"]
[Termination "CheckThis4 won by checkmate"]

1. e4 c5 2. c3 d5 3. exd5 Qxd5 4. d4 Nc6 5. Nf3 Bf5 6. Be2 e6 7. O-O Nf6 8. Be3 Bxb1 9. Qxb1 cxd4 10. Nxd4 Nxd4 11. Bxd4 Be7 12. Bf3 Qd7 13. Rd1 Qc7 14. Qc2 O-O 15. Re1 Rac8 16. Rad1 Rfd8 17. Be5 Qb6 18.
Bd4 Rxd4 19. Rxd4 Qxd4 20. Bxb7 Rc7 21. Rd1 Qb6 22. Bf3 h5 23. Qd2 Rd7 24. Qc2 Rxd1+ 25. Qxd1 Qxb2 26. h3 Qxc3 27. Qb1 Qb4 28. Qc2 Bc5 29.
Qd1 Qd4 30. Qc2 g6 31. Kh2 Kg7 32. Qb3 Qxf2 33. Qb7 Bd6+ 34. Kh1 Qe1# 0-1

[Event "Live Chess"]
[Site "Chess.com"]
[Date "2023.05.20"]
[Round "-"]
[White "LiamBellwood"]
[Black "ranvir123"]
[Result "1-0"]
[WhiteElo "2093"]
[BlackElo "875"]
[TimeControl "300"]
[EndTime "10:10:32 PDT"]
[Termination "LiamBellwood won by resignation"]

1. d4 Nf6 2. Nc3 g6 3. Bf4 Bg7 4. e4 d5 5. e5 Ne4 6. Nxe4 dxe4 7. c4 O-O 8. Ne2 Nc6 9. Qd2 Bg4 10. Rd1 f6 11. exf6 Bxf6 12. d5 Ne5 13. b3 Qd6 14. h3 Bf5 15. g4 Bd7 16. Bg2 Bh4 17. O-O Bxg4 18. hxg4 Nxg4 19. Bxd6 Bxf2+ 20. Rxf2 Rxf2 21. Bg3 Raf8 22. Bxf2 Rxf2 23. Rf1 Rxf1+ 24. Kxf1 Nh2+ 25. Kg1 Ng4 26. Qf4 h5 27. Bxe4 e5 28.
dxe6 1-0

[Event "Live Chess"]
[Site "Chess.com"]
[Date "2023.05.20"]
[Round "-"]
[White "MarkLim1"]
[Black "HonestJoe1"]
[Result "0-1"]
[WhiteElo "1627"]
[BlackElo "2123"]
[TimeControl "300"]
[EndTime "10:10:34 PDT"]
[Termination "HonestJoe1 won by checkmate"]

1. d4 Nf6 2. Nf3 g6 3. c4 Bg7 4. Nc3 O-O 5. e4 d6 6. Be2 e5 7. d5 Nh5 8. g3 Bh3 9. Be3 Na6 10. Qd2 b6 11. O-O-O Nc5 12. Ng5 Bd7 13. Bxh5 gxh5 14.
Qe2 Bg4 15. f3 Bd7 16. g4 h6 17. Nh3 Qh4 18. Nf2 hxg4 19. Nxg4 h5 20. Bf2 Qg5+ 21. Ne3 Kh8 22. h4 Qf4 23. Rdg1 Bh6 24. Kb1 Rg8 25. Nf5 Bxf5 26. exf5 Qxf5+ 27. Ne4 Rxg1+ 28. Rxg1 Rg8 29. Rxg8+ Kxg8 30. b4 Nxe4 31. fxe4 Qg4 32.
Qxg4+ hxg4 33. Kc2 Kg7 34. c5 Kg6 35. a4 f5 36. exf5+ Kxf5 37. a5 bxa5 38. bxa5 Ke4 39.
cxd6 cxd6 40. Bxa7 Kxd5 41. Bf2 Kc6 42. a6 d5 43. Kd3 Bf4 44. h5 g3 45. Bg1 Kc7 46. Bc5 g2 47. Ke2 Kc6 48. Bg1 d4 49. Kf2 Kb6 50.
Kxg2 Kxa6 51. Kf3 Kb5 52. Ke2 Kc4 53. Bf2 e4 54. Kd1 d3 55. Be1 e3 56. Ba5 e2+ 57.
Ke1 Kb3 58. Bd2 Bg3# 0-1

[Event "Live Chess"]
[Site "Chess.com"]
[Date "2023.05.20"]
[Round "-"]
[White "Ferrarifan27"]
[Black "BogdanBeleiUkraine"]
[Result "1-0"]
[WhiteElo "2105"]
[BlackElo "1247"]
[TimeControl "300"]
[EndTime "10:10:40 PDT"]
[Termination "Ferrarifan27 won by resignation"]

1. e4 e5 2. Nf3 Nc6 3. Bb5 f6 4. O-O Bc5 5. Nc3 a6 6. Bc4 Nge7 7. a3 b5 8. Ba2 d6 9. Re1 Bg4 10. h3 Bh5 11. g4 Bf7 12. Bxf7+ Kxf7 13. Nd5 Nd4 14. Nxd4 Bxd4 15. Nxe7 Qxe7 16. c3 Bb6 17. d4 Qe6 18. d5 Qd7 19. Qf3 Rag8 20. a4 Ke7 21. axb5 Qxb5 22. Qe2 Qxe2 23. Rxe2 h5 24. c4 hxg4 25. hxg4 Rh4 26. Be3 Rxg4+ 27. Kf1 Rh8 28. f3 Rh1+ 29. Kf2 Rh2+ 30. Kf1 Rh1+ 31. Kf2 Bxe3+ 32.
Kxe3 Rxa1 33. fxg4 Rb1 34. Rg2 a5 35. Kd3 Ra1 36.
g5 Kf7 37. g6+ Kg8 38. b3 Rd1+ 39. Ke3 Ra1 40. Rb2 Ra3 41. Kf2 Kf8 42. Ke2 Ke7 43. Kd2 Kd7 44. Kc2 c6 45. Kb1 cxd5 46. cxd5 Kc7 47. Rc2+ Kb6 48. Kb2 Ra4 49. bxa4 1-0

[Event "Live Chess"]
[Site "Chess.com"]
[Date "2023.05.20"]
[Round "-"]
[White "Chesscoach_Golichenko"]
[Black "Pablo_dmp"]
[Result "1-0"]
[WhiteElo "2647"]
[BlackElo "1870"]
[TimeControl "300"]
[EndTime "10:10:51 PDT"]
[Termination "Chesscoach_Golichenko won by resignation"]

1. d4 d5 2. Nc3 Nf6 3. Bf4 c5 4.
e3 cxd4 5. exd4 Bg4 6. f3 Bf5 7. g4 Bg6 8. h4 h5 9. g5 Ng8 10.
Bd3 Bxd3 11. Qxd3 Nc6 12. g6 f6 13. O-O-O e6 14. Nh3 Bd6 15. Rhe1 Qd7 16. Nb5 Bxf4+ 17. Nxf4 Nd8 18. Nxe6 Nxe6 19. Rxe6+ Kd8 20. Rd6 1-0

[Event "Live Chess"]
[Site "Chess.com"]
[Date "2023.05.20"]
[Round "-"]
[White "ms_lilley"]
[Black "wadsy27"]
[Result "0-1"]
[WhiteElo "564"]
[BlackElo "2589"]
[TimeControl "300"]
[EndTime "10:10:51 PDT"]
[Termination "wadsy27 won by checkmate"]

1. d4 f5 2. e3 Nf6 3. Nf3 g6 4. h3 Bg7 5. Bd3 O-O 6. O-O d6 7.
a4 Qe8 8. b4 e5 9. b5 e4 10. Bc4+ d5 11. Bxd5+ Nxd5 12. Nfd2 f4 13. f3 Nxe3 14. Qe2 Nxf1 15. Qxf1 Bxd4+ 16. Kh2 Bxa1 17.
Nxe4 Bf5 18. Bxf4 Bxe4 19. Nd2 Rxf4 20. Nxe4 Qxe4 21. fxe4 Rxf1 22. a5 Be5+ 23. g3 Nd7 24. h4 Raf8 25. Kh3 h5 26. g4 R8f3+ 27. Kg2 R3f2+ 28. Kh3 Rh2# 0-1

[Event "Live Chess"]
[Site "Chess.com"]
[Date "2023.05.20"]
[Round "-"]
[White "MartynColebrook"]
[Black "Kr1xot4_XGOD"]
[Result "0-1"]
[WhiteElo "1203"]
[BlackElo "2172"]
[TimeControl "300"]
[EndTime "10:10:56 PDT"]
[Termination "Kr1xot4_XGOD won on time"]

1. e4 e6 2. d4 d5 3. e5 c5 4.
c3 Bd7 5. f4 Nh6 6. Bd3 cxd4 7.
cxd4 Nc6 8. Nf3 Qb6 9. Bc2 Nb4 10. O-O Nxc2 11. Qxc2 Rc8 12. Qd1 Bb4 13. Bd2 a5 14. Bxb4 axb4 15. Nbd2 Bb5 16. Re1 Nf5 17. Nb3 h5 18.
Rc1 Rxc1 19. Qxc1 Bc4 20. Qd2 Bxb3 21. axb3 Qa5 22. Rc1 O-O 23. Rc5 Qa2 24. Qc2 b6 25. Rb5 Ne3 26. Qe2 Qxb3 27. Rxb6 Ra8 28. Kf2 Nc4 29. Rc6 g6 30. Rb6 Nxb6 0-1

[Event "Live Chess"]
[Site "Chess.com"]
[Date "2023.05.20"]
[Round "-"]
[White "djw60"]
[Black "MaximKhimchenko"]
[Result "1-0"]
[WhiteElo "2139"]
[BlackElo "1366"]
[TimeControl "300"]
[EndTime "10:10:57 PDT"]
[Termination "djw60 won by resignation"]

1. Nf3 Nf6 2. g3 d5 3. Bg2 c5 4. O-O Nc6 5. d4 cxd4 6. Nxd4 e5 7. Nxc6 bxc6 8. c4 Bc5 9. Nc3 Bb7 10. Bg5 h6 11. Bxf6 Qxf6 12. cxd5 cxd5 13. Nxd5 Bxd5 14.
Qxd5 Rc8 15. Rac1 Qb6 16. Qxe5+ Kd7 17. Rfd1+ 1-0

[Event "Live Chess"]
[Site "Chess.com"]
[Date "2023.05.20"]
[Round "-"]
[White "Jeffaroow"]
[Black "LodeshChess"]
[Result "1-0"]
[WhiteElo "465"]
[BlackElo "888"]
[TimeControl "300"]
[EndTime "10:11:02 PDT"]
[Termination "Jeffaroow won by resignation"]

1. e4 c6 2. d4 d5 3. Nc3 dxe4 4. Nxe4 Bf5 5. Bd3 e6 6. Nf3 Bb4+ 7. Bd2 Qb6 8. Bxb4 Qxb4+ 9. c3 Qb6 10. Nd6+ Kd7 11. Nxf7 Bxd3 12. Qxd3 Qxb2 13. O-O Qb6 14. Nxh8 Nh6 15. Qxh7 Kc7 16. Qxg7+ Nd7 17. Qxh6 Qa5 18. Nf7 Qxc3 19. Qxe6 Rg8 20. Nd6 Rg7 21. Ne5 Qxd4 22. Nxd7 Rxd7 23. Rad1 Qg7 24. Ne8+ 1-0

[Event "Live Chess"]
[Site "Chess.com"]
[Date "2023.05.20"]
[Round "-"]
[White "JohanKjeldahl"]
[Black "BearFromUkraine"]
[Result "1-0"]
[WhiteElo "1762"]
[BlackElo "1136"]
[TimeControl "300"]
[EndTime "10:11:11 PDT"]
[Termination "JohanKjeldahl won by resignation"]

1. e4 e5 2. Nf3 Nc6 3. d4 exd4 4. c3 dxc3 5. Bc4 Nf6 6. Nxc3 Be7 7. O-O O-O 8. h3 d6 9. Bg5 Be6 10. Bxe6 fxe6 11.
Qb3 Qd7 12. Rad1 Kh8 13. e5 Nd5 14. Nxd5 exd5 15. Qxd5 Bxg5 16. Nxg5 Rae8 17. e6 Qe7 18. Nf7+ Kg8 19. Rde1 Ne5 20. Nxe5 dxe5 21. Qxe5 Qf6 22. f4 Qxe5 23. Rxe5 Rf6 24. f5 Rd8 25. g4 c6 26.
g5 Rff8 27. e7 1-0

[Event "Live Chess"]
[Site "Chess.com"]
[Date "2023.05.20"]
[Round "-"]
[White "mightysmasher"]
[Black "MaximKris"]
[Result "1-0"]
[WhiteElo "2096"]
[BlackElo "1840"]
[TimeControl "300"]
[EndTime "10:11:11 PDT"]
[Termination "mightysmasher won by checkmate"]

1. e4 e5 2. Nf3 Nc6 3. d4 exd4 4. Nxd4 Nxd4 5. Qxd4 Qf6 6. e5 Qb6 7. Qxb6 axb6 8. Nc3 Bc5 9. Bd2 Ne7 10. O-O-O Nc6 11.
Bb5 Nd4 12. Bc4 b5 13. Be3 bxc4 14. Bxd4 Bxd4 15. Rxd4 O-O 16. Rxc4 Re8 17. Rxc7 Rxe5 18. f4 Re8 19. Nd5 Rxa2 20. Kb1 Ra8 21. Nb6 Rb8 22. Rd1 Kf8 23. Nxd7+ Bxd7 24. Rdxd7 Re1+ 25. Ka2 Ra8+ 26.
Kb3 Re3+ 27. c3 Re6 28. Rxf7+ Ke8 29. Rxb7 Rb8 30. Rxg7 Rxb7+ 31. Rxb7 Rg6 32. g3 Rh6 33. h4 Rg6 34. Rxh7 Rxg3 35. h5 Rf3 36. h6 Rxf4 37.
Ra7 Rf6 38. h7 Rb6+ 39. Kc2 Rh6 40. h8=Q+ Rxh8 41. Ra8+ Kd7 42. Rxh8 Kc6 43. b4 Kb7 44. c4 Kb6 45. c5+ Kc6 46. Rh6+ Kb7 47. b5 Kc7 48. Rh7+ Kb8 49. c6 Kc8 50. b6 Kb8 51. Rh8# 1-0

[Event "Live Chess"]
[Site "Chess.com"]
[Date "2023.05.20"]
[Round "-"]
[White "KGreenGator"]
[Black "Daniel_Gliddon_FA"]
[Result "1-0"]
[WhiteElo "1768"]
[BlackElo "1050"]
[TimeControl "300"]
[EndTime "10:11:12 PDT"]
[Termination "KGreenGator won by resignation"]

1. c3 e5 2. d4 Nc6 3. e3 d5 4. Nf3 e4 5. Nfd2 Bf5 6. a3 Nf6 7. c4 Qd7 8. Nc3 O-O-O 9. b4 Bd6 10. cxd5 Ne7 11. Bc4 h6 12. h3 g5 13. Qb3 h5 14.
Bb5 g4 15. Bxd7+ 1-0

[Event "Live Chess"]
[Site "Chess.com"]
[Date "2023.05.20"]
[Round "-"]
[White "Davidagye"]
[Black "Ra2orLeaf"]
[Result "1-0"]
[WhiteElo "1672"]
[BlackElo "1134"]
[TimeControl "300"]
[EndTime "10:11:15 PDT"]
[Termination "Davidagye won by resignation"]

1. e4 c5 2. Nf3 Nc6 3. d4 cxd4 4.
Nxd4 e6 5. Nc3 Nxd4 6. Qxd4 Qb6 7. Qxb6 axb6 8. Be3 b5 9. Bxb5 Bb4 10. O-O-O Bxc3 11. bxc3 Rxa2 12. Kb1 Ra8 13. Rd2 Ne7 14. Rhd1 O-O 15.
Bxd7 Bxd7 16. Rxd7 Ng6 17. Rxb7 Rfc8 18. Rbd7 Rcb8+ 19. Kc1 Ne5 20. R7d4 Ra1+ 21. Kd2 Rxd1+ 22. Kxd1 Rb1+ 23.
Kd2 h6 24. h3 Rg1 25. g3 Rh1 26. h4 Ng4 27. Rd8+ Kh7 28. Rd7 f6 29. c4 Rh2 30. c5 Nxf2 31. Bxf2 Rxf2+ 32. Kc3 Rf3+ 33. Kb4 Rxg3 34. c6 f5 35. exf5 exf5 36. c7 f4 1-0

[Event "Live Chess"]
[Site "Chess.com"]
[Date "2023.05.20"]
[Round "-"]
[White "Hacker_2009"]
[Black "Duke_of_Bebington"]
[Result "1-0"]
[WhiteElo "1901"]
[BlackElo "1573"]
[TimeControl "300"]
[EndTime "10:11:17 PDT"]
[Termination "Hacker_2009 won by checkmate"]

1. d4 d5 2. Nf3 Nf6 3. e3 Bf5 4. c4 c6 5. cxd5 cxd5 6. Nc3 Nc6 7. Be2 e6 8. O-O Bd6 9. b3 O-O 10. Bb2 Re8 11. Rc1 a6 12. Na4 b5 13. Rxc6 bxa4 14. bxa4 Qb8 15. Qc1 Ne4 16. Ba3 Bxa3 17. Qxa3 Rc8 18. Rfc1 Qb7 19. Rxc8+ Rxc8 20. Rxc8+ Qxc8 21. h3 Nc3 22. Bf1 f6 23. Qd6 Nxa4 24. Qxa6 Qc2 25.
Bb5 Qd1+ 26. Kh2 Nc3 27. Qc8+ Kf7 28. Qe8# 1-0

[Event "Live Chess"]
[Site "Chess.com"]
[Date "2023.05.20"]
[Round "-"]
[White "TDCMF"]
[Black "JoshMcK"]
[Result "0-1"]
[WhiteElo "340"]
[BlackElo "1540"]
[TimeControl "300"]
[EndTime "10:11:18 PDT"]
[Termination "JoshMcK won by checkmate"]

1. e4 c6 2. d4 d5 3. e5 c5 4.
c3 cxd4 5. cxd4 Nc6 6. Nf3 Bg4 7. Nc3 Bxf3 8. Qxf3 Nxd4 9. Qe3 Nc2+ 10. Kd1 Nxe3+ 11.
fxe3 d4 12. exd4 Qxd4+ 13. Bd2 O-O-O 14. Nb5 Qxd2# 0-1

[Event "Live Chess"]
[Site "Chess.com"]
[Date "2023.05.20"]
[Round "-"]
[White "Doge_Dandolo"]
[Black "McSlash1"]
[Result "0-1"]
[WhiteElo "2133"]
[BlackElo "2081"]
[TimeControl "300"]
[EndTime "10:11:19 PDT"]
[Termination "McSlash1 won by checkmate"]

1. Nf3 c5 2. c4 g6 3. g3 Bg7 4. Bg2 Nf6 5. Nc3 O-O 6. d4 cxd4 7. Nxd4 Nc6 8. O-O Qc7 9. Bf4 e5 10. Ndb5 Qb8 11. Bg5 a6 12. Nd6 Nd4 13. Bxf6 Bxf6 14. Nce4 Bg7 15. c5 f5 16. Nd2 Ra7 17. Bd5+ Ne6 18.
N2c4 Kh8 19. Nb6 Qc7 20. b4 a5 21. a3 e4 22. Rc1 f4 23. Qa4 Ra6 24. Qb5 Nd4 25.
Qc4 Rxb6 26. cxb6 Qxd6 27. Bxe4 Qf6 28. bxa5 d6 29. e3 Be6 30. Qc7 Bh3 31. Qc4 Bxf1 32. Rxf1 Qe5 33. Qxd4 Qh5 34. Bxb7 Bxd4 35. exd4 Qxa5 36.
Rb1 Rb8 37. Be4 Rxb6 38. Rc1 Qxa3 39. Rc8+ Kg7 40. Bd5 Qa1+ 41. Kg2 Qxd4 42. Rc7+ Kh6 43. Bf3 Rb2 44. Kh3 Qxf2 45. Kg4 Rb3 46. Bd5 fxg3 47. Bg8 Qf5+ 48. Kh4 Qh5# 0-1

[Event "Live Chess"]
[Site "Chess.com"]
[Date "2023.05.20"]
[Round "-"]
[White "birdseed45"]
[Black "Brooms1989"]
[Result "1-0"]
[WhiteElo "1847"]
[BlackElo "971"]
[TimeControl "300"]
[EndTime "10:11:23 PDT"]
[Termination "birdseed45 won by checkmate"]

1. e4 e5 2. Nf3 Nc6 3. Bb5 a6 4. Ba4 Nf6 5. O-O Bc5 6. c3 b5 7. Bc2 O-O 8. d4 exd4 9. cxd4 Bb6 10. e5 Ne8 11. Qd3 d6 12. Qxh7# 1-0

[Event "Live Chess"]
[Site "Chess.com"]
[Date "2023.05.20"]
[Round "-"]
[White "Pandreq"]
[Black "wot-not"]
[Result "0-1"]
[WhiteElo "1259"]
[BlackElo "1480"]
[TimeControl "300"]
[EndTime "10:11:25 PDT"]
[Termination "wot-not won on time"]

1. d4 Nf6 2. c4 c5 3. d5 d6 4. Nc3 e5 5. e4 Be7 6. Be2 Nbd7 7. Nf3 Nf8 8. a3 Ng6 9. g3 O-O 10. b4 b6 11. bxc5 bxc5 12. Nb5 h6 13. a4 Nh7 14. O-O a6 15. Nc3 Ng5 16. Bd3 Bg4 17. Be2 f5 18. h4 Nxf3+ 19. Bxf3 Bxf3 20. Qxf3 f4 21. Ne2 fxg3 22.
Qxg3 Nxh4 23. Bxh6 Rf7 24. Be3 Nf3+ 25. Kg2 Bh4 26.
Qh3 Qf6 27. Ng1 Nxg1 28. Kxg1 Bg5 29. Kh1 Qh6 30. Qxh6 gxh6 31. Rg1 Kh7 32. Rg3 Bxe3 33.
fxe3 Raf8 34. Rag1 h5 35. Rg6 Rf6 36. Rxf6 Rxf6 37. Kg2 Rg6+ 0-1

[Event "Live Chess"]
[Site "Chess.com"]
[Date "2023.05.20"]
[Round "-"]
[White "kenn48"]
[Black "therealab0ne"]
[Result "1-0"]
[WhiteElo "1335"]
[BlackElo "676"]
[TimeControl "300"]
[EndTime "10:11:32 PDT"]
[Termination "kenn48 won by resignation"]

1. e4 g6 2. d4 Bg7 3. c4 d6 4. Nc3 a6 5. Nf3 e5 6. dxe5 dxe5 7. Qxd8+ Kxd8 8. Ng5 Nc6 9. Nxf7+ Ke8 10. Nxh8 Nd4 11. Nd5 Nc2+ 12. Kd2 Nxa1 13. Nxc7+ Kd7 14. Nxa8 Nf6 15.
Nb6+ Kc7 16. Nxc8 Kxc8 17. Nf7 Nxe4+ 18. Ke3 Nc5 19. Bd3 e4 20. Bxe4 Nxe4 21. Kxe4 Nc2 22. Nd6+ Kd7 23. Rd1 Kc6 24. Nxb7 Kxb7 25. Rd7+ 1-0

[Event "Live Chess"]
[Site "Chess.com"]
[Date "2023.05.20"]
[Round "-"]
[White "terrub10"]
[Black "Bob2pen"]
[Result "0-1"]
[WhiteElo "516"]
[BlackElo "1778"]
[TimeControl "300"]
[EndTime "10:11:34 PDT"]
[Termination "Bob2pen won by checkmate"]

1. d4 Nf6 2. Bg5 c5 3. Bxf6 gxf6 4. Nf3 Qb6 5. dxc5 Qxb2 6. Nc3 Qxc3+ 7. Nd2 Bh6 8. e3 Nc6 9. Bb5 Qxc5 10. Bxc6 Qxc6 11. O-O b6 12. h3 Bb7 13. Qf3 Qxf3 14. Nxf3 Bxf3 15.
gxf3 Rg8+ 16. Kh1 Rc8 17. Rg1 Rxg1+ 18. Kxg1 Rxc2 19. f4 d6 20. a4 e5 21. fxe5 fxe5 22. a5 b5 23. Rb1 a6 24. f4 exf4 25. exf4 Bxf4 26. Kf1 Kd7 27. Ke1 d5 28. Kd1 Rh2 29. Rb4 Bd6 30. Rh4 Kc6 31. Rxh7 b4 32. Kc1 b3 33. Kb1 Ba3 34. h4 Rh1# 0-1

[Event "Live Chess"]
[Site "Chess.com"]
[Date "2023.05.20"]
[Round "-"]
[White "seabuck"]
[Black "JoeyCage"]
[Result "1-0"]
[WhiteElo "1824"]
[BlackElo "2302"]
[TimeControl "300"]
[EndTime "10:11:36 PDT"]
[Termination "seabuck won on time"]

1. d4 g6 2. c4 Bg7 3. Nc3 d6 4. e4 Nc6 5. Be3 e5 6. dxe5 Nxe5 7. Be2 Nf6 8. Qc2 Nfg4 9. Bd4 c5 10. Bxe5 dxe5 11.
Bxg4 Bxg4 12. Nge2 O-O 13. Rd1 Qa5 14. O-O Rad8 15. f3 Be6 16. b3 a6 17. Nd5 b5 18.
Ne7+ Kh8 19. Nc6 Qc7 20. Nxd8 Rxd8 21. Rxd8+ Qxd8 22. Rd1 Qc7 23. cxb5 axb5 24. Nc3 c4 25. Nd5 Qc5+ 26. Kf1 h5 27. bxc4 bxc4 28. Rc1 Bxd5 29. exd5 Qxd5 30. Qxc4 Qd7 31. Qc8+ Qxc8 32. Rxc8+ Kh7 33.
a4 f5 34. a5 e4 35. fxe4 fxe4 36. a6 Bd4 37. a7 Bxa7 38. Rc7+ Kh6 39. Rxa7 Kg5 40. Re7 Kf5 41. Ke2 g5 42. Ke3 h4 43.
Rxe4 g4 44. g3 hxg3 45. hxg3 Kg5 46. Ra4 Kf5 47. Ra5+ Kf6 48. Kf4 Kg6 49. Kxg4 Kf6 50. Kf4 Kg6 51. g4 Kh6 52. Ra6+ 1-0

[Event "Live Chess"]
[Site "Chess.com"]
[Date "2023.05.20"]
[Round "-"]
[White "alanmike75"]
[Black "EdenHazard8"]
[Result "0-1"]
[WhiteElo "1483"]
[BlackElo "2114"]
[TimeControl "300"]
[EndTime "10:11:40 PDT"]
[Termination "EdenHazard8 won by resignation"]

1. e4 c6 2. d4 d5 3. e5 c5 4. c3 Nc6 5. Nf3 Bg4 6. Be2 e6 7. O-O Nge7 8. Nbd2 Nf5 9. Nb3 Bxf3 10. Bxf3 cxd4 11. cxd4 Qd7 12. Bg4 g6 13. Bxf5 gxf5 14. Be3 Rg8 15. f4 Be7 16. Kh1 O-O-O 17. Rc1 Rg4 18.
Rc2 Rdg8 19. a3 Kb8 20. Qd3 a6 21. Rff2 h5 22. Nc5 Bxc5 23. Rxc5 h4 24. Rcc2 Na5 25.
b3 Qb5 26. Qxb5 axb5 27. Rc3 h3 28. g3 Rc8 29. Rfc2 Rxc3 30. Rxc3 Rg8 31. Bd2 Nc6 32.
Be3 b4 33. axb4 Nxb4 34. Kg1 Rc8 35. Rxc8+ Kxc8 36. Kf2 Kd7 37. g4 fxg4 38. Kg3 Nc2 39. Bf2 Na1 40. b4 b5 41. Kxg4 Nc2 42. Kxh3 Nxb4 43. Kg4 Nd3 44. Be3 b4 45. h3 b3 0-1

[Event "Live Chess"]
[Site "Chess.com"]
[Date "2023.05.20"]
[Round "-"]
[White "vovanada"]
[Black "smoggyrabbit"]
[Result "0-1"]
[WhiteElo "806"]
[BlackElo "1632"]
[TimeControl "300"]
[EndTime "10:11:50 PDT"]
[Termination "smoggyrabbit won by checkmate"]

1. d4 e6 2. Bf4 f5 3. e3 Nf6 4.
Nf3 b6 5. c3 Bb7 6. Be2 Be7 7.
Nbd2 O-O 8. O-O Ne4 9. Nxe4 fxe4 10. Ne5 d6 11. Nc4 Nd7 12. f3 Nf6 13. Qe1 exf3 14.
Bxf3 Bxf3 15. Rxf3 Nd5 16. Qg3 Nxf4 17. Rxf4 Rxf4 18.
Qxf4 Bg5 19. Qg3 Qe7 20. h4 Bxh4 21. Qh3 Rf8 22. Rf1 Rxf1+ 23. Kxf1 Qf6+ 24. Kg1 b5 25.
Nd2 Bg5 26. Nf3 Bxe3+ 27. Kh1 Bh6 28. a3 Qg6 29. b4 Bf4 30. Nh4 Qb1# 0-1

[Event "Live Chess"]
[Site "Chess.com"]
[Date "2023.05.20"]
[Round "-"]
[White "mementoluna"]
[Black "RedRook90"]
[Result "0-1"]
[WhiteElo "1045"]
[BlackElo "1970"]
[TimeControl "300"]
[EndTime "10:11:52 PDT"]
[Termination "RedRook90 won by resignation"]

1. c4 e6 2. Nc3 d5 3. cxd5 exd5 4.
e3 Nf6 5. Nge2 Bd6 6. g3 O-O 7.
Bg2 c5 8. O-O Be6 9. b3 Nc6 10.
Bb2 d4 11. exd4 cxd4 12. Nb5 d3 13. Nxd6 dxe2 14. Qxe2 Qxd6 15. Bxf6 gxf6 16. Rfe1 Bd5 17. Qg4+ Kh8 18. Bh3 Be6 19. Qh5 Bxh3 20. Qxh3 Rae8 21. Red1 Re2 22. d4 Qe6 23. Qxe6 fxe6 24. d5 exd5 25. Rxd5 Rf7 26. Rad1 Rxa2 27. Rd7 Rxd7 28. Rxd7 b6 29. Rd6 Rc2 30. Rxf6 Kg7 31. Rd6 Rc3 32. Kg2 Ne5 33. b4 Rc4 34. f4 Nf7 35. Rd7 Rxb4 36. Rxa7 Rb2+ 37. Kh3 b5 38. g4 h6 39. Kg3 b4 40. h4 b3 41. Rb7 Rb1 42. g5 hxg5 43. hxg5 b2 44. Kg2 Kg6 45. Rb6+ Kh5 46. g6 Nh6 47. g7 Ng8 48. f5 Rc1 49. Rxb2 Rc7 50. Rb6 Rxg7+ 51. Kf3 Rf7 52. Kf4 Nh6 53. Rb5 Rf6 54.
Re5 Kh4 55. Re3 Rxf5+ 56. Ke4 Rf1 57. Kd5 Ng4 58. Rd3 Kg5 59. Rd4 Rf5+ 60. Kc4 Ne3+ 61.
Kd3 Ng2 62. Rb4 Rf3+ 63. Kc2 Rf2+ 64. Kb3 Rf3+ 65. Ka4 Nf4 66. Kb5 Ng6 67. Rc4 Rf5+ 68. Kb4 Ne5 69. Rc5 Kf4 70. Kb3 Nd3 71. Rc4+ Kg5 72.
Rc3 Nf2 73. Kb2 Nd1+ 0-1

[Event "Live Chess"]
[Site "Chess.com"]
[Date "2023.05.20"]
[Round "-"]
[White "Misha145Chess"]
[Black "OceanFloater"]
[Result "0-1"]
[WhiteElo "596"]
[BlackElo "986"]
[TimeControl "300"]
[EndTime "10:12:01 PDT"]
[Termination "OceanFloater won by resignation"]

1. d4 c5 2. dxc5 b6 3. cxb6 Qxb6 4. e4 e5 5. Nf3 Nc6 6. Nc3 Bb4 7. Bd2 Bxc3 8. Bxc3 d6 9. Qxd6 f6 10. Ba5 Qxa5+ 11.
c3 Nge7 12. O-O-O O-O 13. b4 Qb6 14. b5 Rd8 15. Qa3 Rxd1+ 16. Kxd1 Qxf2 17. bxc6 Nxc6 18. Bb5 Rb8 19. Qa4 Qxg2 20. Rg1 Qxf3+ 21. Be2 Rb1+ 22.
Kd2 Qf4+ 0-1

[Event "Live Chess"]
[Site "Chess.com"]
[Date "2023.05.20"]
[Round "-"]
[White "LanceMaster23"]
[Black "zdanevych"]
[Result "1-0"]
[WhiteElo "1861"]
[BlackElo "1537"]
[TimeControl "300"]
[EndTime "10:12:02 PDT"]
[Termination "LanceMaster23 won by checkmate"]

1. Nf3 d5 2. d4 c5 3. c3 Nc6 4. Bf4 cxd4 5. Nxd4 Nf6 6. Nxc6 bxc6 7. e3 Bf5 8. Qa4 Qb6 9. Nd2 e6 10. Be2 Be7 11. O-O O-O 12. b4 a5 13. b5 cxb5 14. Qxb5 Qxb5 15. Bxb5 Ne4 16. Nxe4 Bxe4 17. a4 Bf6 18.
Rac1 Rfc8 19. c4 dxc4 20. Rxc4 Bd5 21. Rc7 Rxc7 22. Bxc7 Bc3 23. Rc1 Bb4 24. Bb6 f5 25. f3 Kf7 26. Rc7+ Kg6 27. Bd4 Bd6 28. Rxg7+ Kh6 29.
Rd7 Bb4 30. Bd3 Rc8 31. e4 fxe4 32. fxe4 Bb3 33. e5 Rc1+ 34. Kf2 Be1+ 35. Ke2 Bd1+ 36.
Kxe1 Bxa4+ 37. Kd2 Bxd7 38. Kxc1 Kg5 39. Bxh7 a4 40. Bg8 Kf4 41. Bh7 Kg5 42. Kd2 Kf4 43. Kd3 Kg5 44. Kc4 Kh6 45. Bc2 Kg5 46. Kc5 Kh6 47.
Kd6 Be8 48. Bb1 Kg7 49. Ba2 Kf7 50. g4 Kg7 51. Bxe6 Bg6 52. Ba2 Be4 53. h4 Bc2 54. h5 Bb3 55. g5 Bxa2 56. h6+ Kg6 57. e6 Kxg5 58. h7 Kg6 59. h8=Q Bxe6 60. Kxe6 Kg5 61.
Qe5+ Kg4 62. Qf5+ Kg3 63. Ke5 Kg2 64. Qf4 Kh3 65. Ke4 Kg2 66. Qf3+ Kh2 67. Qg4 Kh1 68. Kf3 Kh2 69. Qg2# 1-0

[Event "Live Chess"]
[Site "Chess.com"]
[Date "2023.05.20"]
[Round "-"]
[White "friarnator"]
[Black "nigelst"]
[Result "1-0"]
[WhiteElo "1981"]
[BlackElo "1842"]
[TimeControl "300"]
[EndTime "10:12:04 PDT"]
[Termination "friarnator won by resignation"]

1. d4 Nf6 2. Nf3 e6 3. Bf4 c5 4.
e3 b6 5. c3 Bb7 6. Nbd2 cxd4 7. exd4 d6 8. Bd3 Be7 9. O-O O-O 10. Qe2 Nbd7 11. Rae1 Re8 12. Bb1 Nf8 13. Qd3 Ng6 14.
Bg3 Nh5 15. Ne4 Nxg3 16. hxg3 Rc8 17. a4 Bxe4 18. Qxe4 d5 19. Qd3 Qc7 20. Ne5 Bf6 21. f4 Bxe5 22. fxe5 Qc4 23. Qf3 Rc7 24. Bd3 Qxa4 25.
Qe2 Rec8 26. Bb5 Qb3 27. Ra1 Rc4 28. Bxc4 Qxc4 29. Qxc4 Rxc4 30. Rxa7 h6 31. Rfxf7 1-0